 Dungeon Crawl Stone Soup version 0.26-a0-6-g448add79b7 (webtiles) character file.

Game seed: 8909700601930440640, levelgen mode: deterministic

942 Essalna the Firebug (level 8, 0/57 HPs)
             Began as a Hill Orc Fire Elementalist on May 24, 2020.
             Slain by Pikel
             ... wielding a +0 whip of flaming
              (11 damage)
             ... on level 5 of the Dungeon.
             The game lasted 00:16:34 (7396 turns).

Essalna the Firebug (Hill Orc Fire Elementalist)    Turns: 7396, Time: 00:16:35

Health: 0/57       AC:  5    Str: 11    XL:     8   Next: 12%
Magic:  6/14       EV: 12    Int: 23    God:
Gold:   355        SH:  0    Dex: 11    Spells: 7/15 levels left

rFire    . . .     SeeInvis +   c - +2 hand axe (vorpal)
rCold    . . .     Gourm    .   (no shield)
rNeg     . . .     Faith    .   a - +0 robe
rPois    .         Spirit   .   t - +0 helmet
rElec    .         Reflect  .   w - +0 cloak
rCorr    .         Harm     .   v - +0 pair of gloves
MR       .....                  (no boots)
Stlth    ++........             (no amulet)
HPRegen  0.19/turn              g - +6 ring of intelligence
MPRegen  0.14/turn              n - ring of see invisible

@: no status effects
A: no striking features
a: no special abilities


You were on level 5 of the Dungeon.
You were not hungry.

You visited 1 branch of the dungeon, and saw 5 of its levels.

You collected 355 gold pieces.

Inventory:

Hand Weapons
 c - a +2 vorpal hand axe (weapon)
 f - a +0 short sword
Armour
 a - a +0 robe (worn)
 q - a +3 ring mail
 t - a +0 helmet (worn)
 v - a +0 pair of gloves (worn)
 w - a +0 cloak (worn)
Jewellery
 g - a +6 ring of intelligence (left hand)
 n - a ring of see invisible (right hand)
 p - an uncursed ring of ice
Scrolls
 b - 8 scrolls of identify {unknown}
 d - a scroll of magic mapping {unknown}
 h - 2 scrolls of amnesia {unknown}
 j - a scroll of fear {unknown}
 k - 4 scrolls of remove curse {unknown}
 o - a scroll of enchant armour {unknown}
 r - 2 scrolls of teleportation {unknown}
 x - a scroll of random uselessness {unknown}
Potions
 e - a potion of haste
 i - a potion of ambrosia {unknown}
 s - 2 potions of lignification {unknown}
 u - a potion of berserk rage {unknown}
Comestibles
 l - 10 rations
 m - 3 chunks of flesh


   Skills:
 - Level 1.5 Dodging
 - Level 1.5 Stealth
 + Level 4.2 Spellcasting
 + Level 5.1 Conjurations
 + Level 6.6 Fire Magic


You had 7 spell levels left.
You knew the following spells:

 Your Spells              Type           Power        Failure   Level  Hunger
a - Foxfire               Conj/Fire      ####         1%          1    None
b - Inner Flame           Hex/Fire       ###.....     8%          3    ##.....
c - Sticky Flame          Conj/Fire      ####....     9%          4    ####...

Your spell library contained the following spells:

 Spells                   Type           Power        Failure   Level  Hunger
 Conjure Flame            Conj/Fire      ####....     2%          3    ##.....
 Animate Skeleton         Necr           N/A          11%         1    None
 Pain                     Necr           #...         11%         1    None
 Call Imp                 Summ           #.......     16%         2    #......
 Corpse Rot               Necr/Air       N/A          16%         2    #......
 Fireball                 Conj/Fire      ####......   26%         5    ######.
 Recall                   Summ/Tloc      N/A          30%         3    ##.....
 Summon Mana Viper        Hex/Summ       #.......     96%         5    ######.
 Simulacrum               Ice/Necr       #.........   100%        6    #######


Dungeon Overview and Level Annotations

Branches:
Dungeon (5/15)
 Temple: D:4-7

Altars:

Annotations:
D:5 Pikel


Message History

Pikel is moderately wounded.
Pikel barely misses you.
Casting: Foxfire (safe; 1% risk of failure)
Confirm with . or Enter, or press ? or * to list all spells.
You conjure some foxfire!
Pikel barely misses you.
You closely miss Pikel.
Pikel is moderately wounded.
The foxfire hits Pikel.
Pikel is heavily wounded.
The foxfire hits Pikel.
Pikel is heavily wounded.
Pikel hits you with a +0 whip of flaming!
* * * LOW HITPOINT WARNING * * *
Pikel burns you.
* * * LOW HITPOINT WARNING * * *
Casting: Foxfire (safe; 1% risk of failure)
Confirm with . or Enter, or press ? or * to list all spells.
You conjure some foxfire!
Pikel hits you with a +0 whip of flaming!
You die...

#.# ##.# #.#....# ##.##.# #.#
#..# #.##.#.# #.##.# ## #.# #.##
#.##.#.# #.##.# ..#
#.###.#######.##.#.# #.##.#
#.##.##..........##.#.#####.##.#
#.#.#....#####..##.#.......##K#
##.......### #..##.#######.##.#
###.#........###v.##.# ##.##..
.#.####.####...v@K...# #..###)
..#####.# ###.#<##### #K.# #.
.....##.# #.#.# #..# #.
..##.##.# #.#.# #..# #.
..##.##.# #.#p## #..# #.
#.#...#.# #.#..## #..# #.
#.......# #...#.########..# #.
###.....######..........K....#
#. #
##.#..............#.##########.


You could see Pikel and a slave.

Vanquished Creatures
  Sigmund (D:2)
  2 slaves
  A sky beast (D:4)
  2 ogres
  A howler monkey (D:4)
  An orc priest (D:4)
  3 hounds
  2 orc wizards
  7 worker ants
  Terence (D:2)
  Robin (D:2)
  3 adders
  A shadow imp (D:5)
  3 oozes
  5 worms
  2 dart slugs
  A leopard gecko (D:5)
  7 orcs
  4 bats
  2 giant cockroaches
  11 goblins
  8 hobgoblins
  10 jackals
  A frilled lizard (D:1)
  2 kobolds
  6 rats
88 creatures vanquished.

Vanquished Creatures (collateral kills)
  A kobold (D:3)
1 creature vanquished.

Vanquished Creatures (others)
  390 foxfires
390 creatures vanquished.

Grand Total: 479 creatures vanquished

Notes
Turn   | Place    | Note
-------+----------+-------------------------------------------
     0 | D:1      | Essalna the Hill Orc Fire Elementalist began the quest for
                  | the Orb.
     0 | D:1      | Reached XP level 1. HP: 14/14 MP: 3/3
   495 | D:1      | Reached XP level 2. HP: 14/20 MP: 2/4
  1802 | D:2      | Noticed Sigmund
  1854 | D:2      | Noticed Robin
  1914 | D:2      | Reached XP level 3. HP: 25/26 MP: 0/6
  2091 | D:2      | Noticed Terence
  2298 | D:3      | Reached skill level 4 in Fire Magic
  2449 | D:2      | Reached XP level 4. HP: 31/33 MP: 2/7
  2923 | D:3      | Learned a level 3 spell: Inner Flame
  3697 | D:2      | Killed Terence
  3697 | D:2      | Reached XP level 5. HP: 16/38 MP: 0/8
  4153 | D:2      | Killed Sigmund
  4153 | D:2      | Reached skill level 5 in Fire Magic
  4153 | D:2      | Reached XP level 6. HP: 29/45 MP: 1/10
  4342 | D:2      | Killed Robin
  4356 | D:2      | Learned a level 4 spell: Sticky Flame
  5183 | D:4      | Reached XP level 7. HP: 28/50 MP: 3/12
  5681 | D:4      | Reached skill level 6 in Fire Magic
  5940 | D:4      | Identified Isoiticri's Guide on Summoning and Evil
  6109 | D:5      | Entered Level 5 of the Dungeon
  6258 | D:5      | Noticed Pikel
  7212 | D:5      | Reached skill level 5 in Conjurations
  7212 | D:5      | Reached XP level 8. HP: 53/57 MP: 11/14
  7396 | D:5      | Slain by Pikel

Illustrated notes

Levels and vault maps discovered:
D:1:      saegor_arrival_simple_c, layout_basic, minmay_strange_pillars,
          patterned_corridor
D:2:      layout_rooms, uniq_robin, uniq_sigmund, uniq_terence
D:3:      layout_basic
D:4:      layout_loops_ring, first_ration, minivault_5,
          hangedman_decor_opposing, minmay_small_thing
D:5:      layout_loops_ring, uniq_pikel

Skill      XL: |  1  2  3  4  5  6  7 |
---------------+----------------------+-----
Spellcasting   | 2 3 4 |  4.2
Conjurations   | 2 3 4 5 |  5.1
Fire Magic     | 4 5 6 |  6.6
Dodging        | |  1.5
Stealth        | |  1.5

Action                   |  1- 3 |  4- 6 |  7- 9 || total
-------------------------+-------+-------+-------++-------
Melee: Short sword       |    34 |    28 |       ||    62
       Unarmed           |     1 |       |       ||     1
       Hand axe          |       |     8 |    39 ||    47
 Cast: Foxfire           |    70 |   119 |    99 ||   288
  Use: Potion            |     1 |     1 |     1 ||     3
  Eat: Chunk             |     2 |     8 |     7 ||    17
       Ration            |     1 |       |       ||     1
Armor: Robe              |    10 |     4 |    12 ||    26
Dodge: Dodged            |    27 |    35 |    39 ||   101

Table legend:
 A = Non-vault XP
 B = Vault XP
 C = Vault XP percentage of total XP
 D = Non-vault monster count
 E = Vault monster count
 F = Vault count percentage of total count
                 A         B        C        D         E       F
            +---------+---------+-------+---------+---------+-------
      Total |    1071 |     275 |  20.4 |      72 |      15 |  17.2
            +---------+---------+-------+---------+---------+-------
        D:1 |      21 |       0 |   0.0 |      12 |       0 |   0.0
        D:2 |      30 |     273 |  90.1 |       6 |      14 |  70.0
        D:3 |     105 |       2 |   1.9 |      22 |       1 |   4.3
        D:4 |     584 |       0 |   0.0 |      16 |       0 |   0.0
        D:5 |     331 |       0 |   0.0 |      16 |       0 |   0.0
            +---------+---------+-------+---------+---------+-------
